 Dungeon Sprint DCSS version 0.23.2-30-g0e89c35649 (webtiles) character file.

Game seed: 12473966617189031511

1227 HASTUR3 the Grappler (level 8, -10/88 HPs)
             Began as a Troll Monk on June 21, 2019.
             Was a Believer of Wu Jian.
             Mangled by Snorg (15 damage)
             ... in the Dungeon (Sprint III: "The Ten Rune Challenge").
             The game lasted 00:04:47 (467 turns).

HASTUR3 the Grappler (Troll Monk)                    Turns: 467, Time: 00:04:48

Health: -10/88     AC:  6    Str: 20    XL:     8   Next: 23%
Magic:  7/7        EV: 14    Int:  6    God:    Wu Jian [**....]
Gold:   10         SH:  0    Dex: 14    Spells: 7/7 levels left

rFire    . . .     SeeInvis .     - Unarmed
rCold    . . .     Gourm    +   (no shield)
rNeg     . . .     Faith    .   a - +0 robe
rPois    .         Spirit   .   (helmet restricted)
rElec    .         Reflect  .   (no cloak)
rCorr    .         Harm     .   (gloves unavailable)
MR       .....     NoTele   +   (boots unavailable)
Stlth    ++........             (no amulet)
HPRegen  0.64/turn              (no ring)
MPRegen  0.10/turn              (no ring)

@: no status effects
A: large, unfitting armour, claws 3, fast metabolism 3, gourmand, regeneration
1, shaggy fur 1, tough skin 3
a: Wall Jump, Renounce Religion


You were in the Dungeon.
You worshipped Wu Jian.
Wu Jian was pleased with you.
You were full.

You visited 1 branch You collected 10 gold pieces.

Inventory:

Armour
 a - a +0 robe (worn)
Wands
 g - a wand of paralysis (10)
Scrolls
 h - a scroll of blinking
 j - 5 scrolls of remove curse
 k - 2 scrolls of holy word {unknown}
 l - a scroll of identify {unknown}
Potions
 c - 3 potions of curing
 e - a potion of haste
 f - 2 potions of magic
 m - a potion of flight {unknown}
Comestibles
 b - 5 rations


   Skills:
 * Level 8.2 Fighting
 * Level 8.2 Dodging
 - Level 1.0 Stealth
 + Level 12.7 Unarmed Combat


You had 7 spell levels left.
You didn't know any spells.
Your spell library contained the following spells:

 Spells                   Type           Power        Failure   Level  Hunger
 Animate Skeleton         Necr           N/A          45%         1    ##.....
 Apportation              Tloc           #.....       45%         1    ##.....
 Confusing Touch          Hex            #.....       45%         1    ##.....
 Summon Small Mammal      Summ           #...         45%         1    ##.....
 Static Discharge         Conj/Air       #.......     83%         3    ####...
 Lightning Bolt           Conj/Air       #.........   100%        5    ######.
 Ignition                 Fire           #.........   100%        8    #######
 Shatter                  Erth           #.........   100%        9    #######
 Tornado                  Air            #.........   100%        9    #######


Dungeon Overview and Level Annotations

Branches:
Dungeon (1/1)

Altars:
Cheibriados
Dithmenos
Elyvilon
Fedhas
Gozag
Hepliaklqana
Kikubaaqudgha
Makhleb
Nemelex Xobeh
Okawaru
Qazlal
Ru
Sif Muna
Trog
Uskayaw
Vehumet
Wu Jian
Xom
Yredelemnul
Zin
The Shining One
Beogh
Jiyva
Lugonu

Annotations:
D Snorg


Innate Abilities, Weirdness & Mutations

You are too large for most types of armour.
You have claws for hands.
Your metabolism is lightning-fast.
You like to eat raw meat.
Your natural rate of healing is unusually fast.
You are covered in fur. (AC +1)
You have extremely tough skin. (AC +3)


Message History

You claw Snorg!
Snorg is heavily wounded.
Snorg completely misses you. Snorg claws you! x2
Snorg closely misses you. Snorg completely misses you. Snorg claws you.
There is an open door here.
You mangle Snorg!!
Snorg is severely wounded.
Snorg bites you! Snorg barely misses you. Snorg claws you!
You claw Snorg!
Snorg is severely wounded.
Snorg completely misses you. Snorg misses you. Snorg claws you!
* * * LOW HITPOINT WARNING * * *
You feel much better. Snorg bites you!!
* * * LOW HITPOINT WARNING * * *
Snorg claws you!
* * * LOW HITPOINT WARNING * * *
Snorg claws you.
* * * LOW HITPOINT WARNING * * *
Snorg bites you!
You die...

♣♣ ♣.#___#___#__# .♣
♣.#)..#__.#._#
♣♣♣♣♣.###'#'###)##
♣.....#..........#
≈.♣♣..'.⌠........#
≈≈≈♣..#...######'#
≈≈....#.⌠.#__#...#+#####
≈.....#...#__#...#.§§§≈+
......#)###__#..@#.#§§§#
......#...#__#...T.#T§§#
......#___#__'...#.#.§.#
▓▓▓▓▓▓▓▓▓▓▓▓▓▓▓▓▓▓▓▓▓▓▓▓


You could see Snorg (berserk).

Vanquished Creatures
  A deep elf mage (D)
  A shadow (D)
  A spatial vortex (D)
  A necrophage (D)
  A water elemental (D)
  A scorpion (D)
  A jelly (D)
  A wizard (D)
  A necromancer (D)
  3 humans (D)
  A kobold demonologist (D)
  An ooze (D)
  3 rats (D)
17 creatures vanquished.

Vanquished Creatures (others)
  2 draconian scorchers (D)
  6 hellions (D)
  A yaktaur (D)
9 creatures vanquished.

Grand Total: 26 creatures vanquished

Notes
Turn   | Place    | Note
-------+----------+-------------------------------------------
     0 | D        | HASTUR3 the Troll Monk began the quest for the Orb.
     0 | D        | Reached XP level 1. HP: 22/22 MP: 0/0
     6 | D        | Reached skill level 4 in Unarmed Combat
    34 | D        | Killed a yaktaur
    41 | D        | Noticed a scorpion
    52 | D        | Killed a scorpion
    52 | D        | Reached skill level 8 in Unarmed Combat
    52 | D        | Reached XP level 2. HP: 12/29 MP: 1/1
    52 | D        | Reached XP level 3. HP: 15/36 MP: 2/2
    85 | D        | Reached XP level 4. HP: 34/44 MP: 3/3
   102 | D        | Killed a hellion
   103 | D        | Killed a hellion
   124 | D        | Gained mutation: You are frail. (-10% HP) [potion of
                  | mutation]
   124 | D        | Gained mutation: You are weak. (Str -2) [potion of
                  | mutation]
   124 | D        | Gained mutation: You expend magic power (3 MP) to
                  | strengthen your wands. [potion of mutation]
   125 | D        | Lost mutation: You are weak. (Str -2) [potion of mutation]
   125 | D        | Lost mutation: You expend magic power (3 MP) to strengthen
                  | your wands. [potion of mutation]
   125 | D        | Gained mutation: You have a pair of small antennae on your
                  | head. [potion of mutation]
   125 | D        | Gained mutation: Your flesh is heat resistant. (rF+)
                  | [potion of mutation]
   125 | D        | Gained mutation: Your spells are a little easier to cast,
                  | but a little less powerful. [potion of mutation]
   125 | D        | Gained mutation: You are somewhat resistant to further
                  | mutation. [potion of mutation]
   126 | D        | Lost mutation: You are frail. (-10% HP) [potion of
                  | mutation]
   126 | D        | Lost mutation: Your flesh is heat resistant. (rF+) [potion
                  | of mutation]
   126 | D        | Lost mutation: You have a pair of small antennae on your
                  | head. [potion of mutation]
   126 | D        | Gained mutation: You can translocate small distances at
                  | will. [potion of mutation]
   127 | D        | Lost mutation: Your spells are a little easier to cast, but
                  | a little less powerful. [potion of mutation]
   128 | D        | Lost mutation: You are somewhat resistant to further
                  | mutation. [potion of mutation]
   128 | D        | Lost mutation: You can translocate small distances at will.
                  | [potion of mutation]
   128 | D        | Gained mutation: Your muscles are strong. (Str +2) [potion
                  | of mutation]
   128 | D        | Gained mutation: You possess an exceptional clarity of
                  | mind. [potion of mutation]
   129 | D        | Lost mutation: Your muscles are strong. (Str +2) [potion of
                  | mutation]
   129 | D        | Lost mutation: You possess an exceptional clarity of mind.
                  | [potion of mutation]
   129 | D        | Gained mutation: You are frail. (-10% HP) [potion of
                  | mutation]
   129 | D        | Gained mutation: You are partially covered in slimy green
                  | scales. (AC +2) [potion of mutation]
   130 | D        | Lost mutation: You are frail. (-10% HP) [potion of
                  | mutation]
   130 | D        | Lost mutation: You are partially covered in slimy green
                  | scales. (AC +2) [potion of mutation]
   130 | D        | Gained mutation: You are weak. (Str -2) [potion of
                  | mutation]
   130 | D        | Lost mutation: You are weak. (Str -2) [potion of mutation]
   154 | D        | Noticed a water elemental
   166 | D        | Killed a hellion
   176 | D        | Killed a water elemental
   176 | D        | Reached skill level 10 in Unarmed Combat
   225 | D        | Killed a white draconian scorcher
   225 | D        | Killed a white draconian scorcher
   230 | D        | Found a radiant altar of Vehumet.
   230 | D        | Found a deep blue altar of Sif Muna.
   230 | D        | Found an ancient bone altar of Kikubaaqudgha.
   230 | D        | Noticed a wizard
   234 | D        | Killed a wizard
   234 | D        | Reached XP level 5. HP: 33/50 MP: 4/4
   237 | D        | Killed a hellion
   238 | D        | Noticed a sixfirhy
   238 | D        | Reached skill level 11 in Unarmed Combat
   247 | D        | Killed a hellion
   247 | D        | Killed a hellion
   260 | D        | Found a hide-covered altar of Uskayaw.
   260 | D        | Found a roughly hewn altar of Beogh.
   260 | D        | Found an iron altar of Okawaru.
   260 | D        | Found a bloodstained altar of Trog.
   260 | D        | Found an ornate altar of the Wu Jian Council.
   260 | D        | Noticed a human
   261 | D        | Noticed a human
   265 | D        | Killed a human
   265 | D        | Reached XP level 6. HP: 63/63 MP: 5/5
   278 | D        | Killed a human
   278 | D        | Reached skill level 5 in Fighting
   278 | D        | Reached skill level 5 in Dodging
   344 | D        | Found a glowing silver altar of Zin.
   344 | D        | Found a glowing golden altar of the Shining One.
   344 | D        | Found a white marble altar of Elyvilon.
   345 | D        | Noticed a deep elf mage
   350 | D        | Noticed a hellwing
   350 | D        | Killed a deep elf mage
   350 | D        | Reached skill level 12 in Unarmed Combat
   350 | D        | Reached XP level 7. HP: 78/78 MP: 6/6
   364 | D        | Found a basalt altar of Yredelemnul.
   364 | D        | Found a shadowy altar of Dithmenos.
   364 | D        | Found a sacrificial altar of Ru.
   384 | D        | Noticed a shadow
   387 | D        | Killed a shadow
   387 | D        | Reached XP level 8. HP: 79/87 MP: 7/7
   406 | D        | Found a blossoming altar of Fedhas.
   406 | D        | Found a stormy altar of Qazlal.
   406 | D        | Found a snail-covered altar of Cheibriados.
   406 | D        | Found a burning altar of Makhleb.
   406 | D        | Found a shimmering altar of Xom.
   407 | D        | Found a hazy altar of Hepliaklqana.
   407 | D        | Found an opulent altar of Gozag.
   407 | D        | Found a sparkling altar of Nemelex Xobeh.
   407 | D        | Found a corrupted altar of Lugonu.
   407 | D        | Found a viscous altar of Jiyva.
   441 | D        | Became a worshipper of the Wu Jian Council
   441 | D        | Reached * piety under Wu Jian
   441 | D        | Reached ** piety under Wu Jian
   455 | D        | Noticed Snorg
   467 | D        | Mangled by Snorg

Skill      XL: |  1  2  3  4  5  6  7  8 |
---------------+-------------------------+-----
Unarmed Combat | 8 10 11 12 | 12.7
Fighting       | 4 7 8 |  8.2
Dodging        | 4 7 8 |  8.2
Stealth        | |  1.0

Action                   |  1- 3 |  4- 6 |  7- 9 || total
-------------------------+-------+-------+-------++-------
Melee: Unarmed           |    22 |    33 |    23 ||    78
       Punch             |       |     1 |     1 ||     2
Invok: Lunge             |       |       |     1 ||     1
  Use: Potion            |       |     8 |     1 ||     9
  Eat: Chunk             |     1 |     2 |     3 ||     6
Armor: Robe              |    10 |     5 |     1 ||    16
Dodge: Dodged            |     6 |    10 |     8 ||    24
